Description

6 hellions into 3tank push with stim +1/+1 and 2 medivacs

Replay - TvZ 6hellions into 3tank push

Build Order

Get SALT Encoding   

  12  0:00  SCV  
  13  0:12  SCV  
  14  0:17  Supply Depot  
  14  0:24  SCV  
  15  0:39  SCV  
  15  0:40  Barracks  
  16  0:44  Refinery  
  16  0:51  SCV  
  17  1:03  SCV  
  18  1:15  SCV  
  19  1:27  Reaper  
  19  1:28  Orbital Command  
  20  1:40  Command Center  
  20  1:47  Supply Depot  
  20  1:53  SCV  
  21  1:59  Marine  
  22  2:05  Factory  
  22  2:09  SCV  
  22  2:12  Refinery  
  23  2:21  SCV, Barracks Reactor  
  24  2:33  SCV  
  25  2:51  Orbital Command  
  25  2:53  Starport  
  25  3:05  Hellion x2  
  29  3:12  SCV  
  30  3:17  SCV  
  31  3:21  Supply Depot  
  31  3:26  Hellion x3  
  31  3:27  SCV x2  
  36  3:31  Barracks Tech Lab, Liberator  
  40  3:39  SCV x2  
  41  3:47  Hellion x2  
  46  3:55  SCV x2  
  48  3:58  Supply Depot  
  48  4:15  Command Center  
  48  4:20  SCV x2  
  48  4:21  Stimpack  
  48  4:23  Starport Reactor  
  50  4:30  Factory Tech Lab  
  50  4:31  Barracks x2  
  50  4:32  SCV x2  
  52  4:44  SCV  
  53  4:46  Engineering Bay x2  
  53  4:50  SCV  
  54  4:56  Siege Tank  
  54  4:59  SCV  
  58  5:05  SCV  
  59  5:11  SCV  
  59  5:12  Starport Reactor  
  59  5:13  Refinery x2  
  60  5:17  SCV  
  60  5:19  Supply Depot  
  61  5:27  Terran Infantry Armor Level 1, Terran Infantry Weapons Level 1  
  61  5:32  SCV x2  
  63  5:37  Barracks x2  
  63  5:41  Marine x5, Siege Tank  
  71  6:01  SCV x2, Combat Shield  
  73  6:09  Supply Depot  
  73  6:13  Marine x5, Siege Tank  
  81  6:23  SCV x2  
  83  6:28  Supply Depot  
  83  6:29  Medivac x2  
Spawning Tool Build Advisor. Get it on Overwolf

Go to:

Details

  • Created by: WipeR
  • Published on: Jan 01, 2021
  • Modified on: Jan 01, 2021
  • Patch: 4.11.0
  • Difficulty: Medium
Show
View Real Time Build Order
Export as new Build Order

Comments (0)

There are no comments. Be the first!

Create an account to comment!